 Dungeon Crawl Stone Soup version 0.22-a0-455-ga0624bf (webtiles) character file.

53 wazuzu the Digger (level 3, -4/26 HPs)
             Began as a Demigod Earth Elementalist on June 5, 2018.
             Slain by a gnoll
             ... wielding a +0 spear
              (5 damage)
             ... on level 2 of the Dungeon.
             The game lasted 00:01:49 (1583 turns).

wazuzu the Digger (Demigod Earth Elementalist)      Turns: 1583, Time: 00:01:49

Health: -4/26      AC:  2    Str: 11    XL:     3   Next: 41%
Magic:  5/9        EV:  6    Int: 21    God:
Gold:   116        SH:  0    Dex: 16    Spells: 6/7 levels left

rFire    . . .     SeeInvis .   (no weapon)
rCold    . . .     Gourm    .   (no shield)
rNeg     . . .     Faith    .   c - +0 robe
rPois    .         Spirit   .   (no helmet)
rElec    .         Reflect  .   (no cloak)
rCorr    .         Harm     .   (no gloves)
MR       .....                  (no boots)
Stlth    ++........             (no amulet)
HPRegen  0.08/turn              (no ring)
MPRegen  0.11/turn              (no ring)

@: held
A: high mp 1
a: no special abilities


You were on level 2 of the Dungeon.
You were not hungry.

You visited 1 branch of the dungeon, and saw 2 of its levels.

You collected 116 gold pieces.

Inventory:

Missiles
 b - 29 stones (quivered)
 f - 12 poisoned needles
Armour
 a - a scarf of repulsion
 c - a +0 robe (worn)
Scrolls
 g - 5 scrolls of identify {unknown}
 h - 2 scrolls of enchant weapon {unknown}
 j - a scroll of fear {unknown}
Potions
 e - 2 potions of curing {unknown}
 i - a potion of lignification {unknown}
 k - a potion of agility {unknown}
Comestibles
 d - 3 rations
 l - a chunk of flesh


   Skills:
 - Level 1.7 Dodging
 - Level 1.7 Stealth
 + Level 2.7 Spellcasting
   Level 0.8 Transmutations
 + Level 3.5 Earth Magic


You had 6 spell levels left.
You knew the following spells:

 Your Spells              Type           Power        Failure   Level  Hunger
z - Sandblast             Erth           ###...       3%          1    None

Your spell library contained the following spells:

 Spells                   Type           Power        Failure   Level  Hunger
 Stone Arrow              Conj/Erth      ##....       21%         3    ###....
 Passwall                 Tmut/Erth      ##......     9%          2    ##.....
 Lee's Rapid Deconstruct  Erth           ###.......   65%         5    ######.
 Petrify                  Tmut/Erth      ##......     50%         4    ####...


Dungeon Overview and Level Annotations

Branches:
Dungeon (2/15)


Innate Abilities, Weirdness & Mutations

You have an increased reservoir of magic. (+10% MP)


Message History

* * * LOW HITPOINT WARNING * * *
The gnoll hits you with a whip.
* * * LOW HITPOINT WARNING * * *
You are too injured to fight recklessly!
You are too injured to fight recklessly!
Casting: Sandblast (safe; 3% risk of failure)
Confirm with . or Enter, or press ? or * to list all spells.
You don't know that spell.
Unknown command.
Casting: Sandblast (safe; 3% risk of failure)
Confirm with . or Enter, or press ? or * to list all spells.
Aiming: Sandblast (safe; 3% risk of failure)
Press: ? - help, Shift-Dir - straight line, f/p - gnoll
Aim: a gnoll, wielding a spear (heavily wounded)
The blast of sand hits the gnoll.
The gnoll is moderately wounded.
b - 29 stones The gnoll hits you but does no damage.
The gnoll hits you from afar with a spear.
You die...

.......####(
.........# .....
#.####.........####
#.#....# ##gg@.#
#...# ####.# ##..#
#.# #..## #.# ....#
#.#### ###.###
#....###########
......##
####....##.....##
.(.....##
####.........#
........#
##.........


You could see 2 gnolls.

Vanquished Creatures
  2 adders (D:2)
  A worm (D:2)
  A dart slug (D:1)
  A leopard gecko (D:1)
  A giant cockroach (D:1)
  2 hobgoblins (D:1)
  4 jackals (D:1)
  3 kobolds
  A ball python (D:1)
  6 bats
  A frilled lizard (D:1)
  3 goblins
  2 rats
28 creatures vanquished.

Notes
Turn   | Place    | Note
-------+----------+-------------------------------------------
     0 | D:1      | wazuzu the Demigod Earth Elementalist began the quest for the Orb.
     0 | D:1      | Reached XP level 1. HP: 14/14 MP: 5/5
   201 | D:1      | Reached skill level 3 in Earth Magic
   211 | D:1      | Reached XP level 2. HP: 14/20 MP: 0/7
  1007 | D:2      | Reached XP level 3. HP: 19/26 MP: 1/9
  1582 | D:2      | HP: 1/26 [gnoll/whip (5)]
  1583 | D:2      | Slain by a gnoll

Vault maps used:
D:1:      dpeg_arrival_orchard, minivault_27

Skill      XL: |  1 |
---------------+----+-----
Spellcasting   | 2 |  2.7
Earth Magic    | 3 |  3.5
Dodging        | |  1.7
Stealth        | |  1.7
Transmutations | |  0.8

Action                   || total
-------------------------++-------
Melee: Unarmed           ||     4
 Cast: Sandblast         ||    46
  Eat: Chunk             ||     2
Armor: Robe              ||     2
Dodge: Dodged            ||    12

Table legend:
 A = Spawn XP
 B = Non-spawn XP
 C = Spawn XP percentage of total XP
 D = Spawn monster count
 E = Non-spawn monster count
 F = Spawn count percentage of total count
 G = Total turns spent on level
                    A         B        C        D         E        F      G
               +---------+---------+-------+---------+---------+-------+---------
         Total |       0 |      76 |   0.0 |       0 |      28 |   0.0 |  1583
               +---------+---------+-------+---------+---------+-------+---------
           D:1 |       0 |      35 |   0.0 |       0 |      19 |   0.0 |  1083
           D:2 |       0 |      41 |   0.0 |       0 |       9 |   0.0 |   500
               +---------+---------+-------+---------+---------+-------+---------
